Description

Basically this build aims to Build a small army to harass your opponent around the 3 minute mark. This allows you to gain an advantage as you are able to either force a cancel on the second base or kill it off giving you an advantage in both citations. This also allows you to gain a possible base advantage also I don't exactly know what Build Type this should be any suggestions for improvement would be nice

Replay - Butchles

Build Order

Get SALT Encoding   

  14  0:00  Pylon, Probe (Chrono Boost)  After pylon is built go scout Drone-Be free
  15  0:18  Probe (Chrono Boost)  
  16  00:25  Gateway  
  16  0:26  Gateway  
  17  0:30  Probe (Chrono Boost)  
  17  0:40  Probe (Chrono Boost)  
  18  0:51  Probe (Chrono Boost)  
  19  0:53  Assimilator  
  19  1:00  Pylon  
  19  1:01  Probe (Chrono Boost)  
  20  1:12  Probe (Chrono Boost), Zealot  keep within your base in case of rush
  23  1:18  Zealot  
  25  1:26  Probe (Chrono Boost), Cybernetics Core  
  26  1:36  Probe (Chrono Boost)  
  26  1:39  Pylon  
  27  1:45  Assimilator  
  27  2:03  Adept x2  When you start the construction of these send zealots to stand close to oppponent's base as the adepts have shade to allow them to get to the base quicker
  27  2:05  Probe (Chrono Boost)  
  31  2:16  Mothership Core (Chrono Boost)  This will be for protection while your small army is gone and posiibly for use in mass void ray later on
  33  2:25  Pylon  
  33  2:28  Warp Gate  
  33  2:34  Probe (Chrono Boost)  
  34  2:44  Probe (Chrono Boost)  
  35  2:51  Nexus  
  35  2:55  Probe (Chrono Boost)  
  35  2:59  Stalker  
  38  3:01  Stalker  
  38  3:05  Probe (Chrono Boost)  
  41  3:16  Probe (Chrono Boost)  
  42  3:31  Forge  
  42  3:33  Twilight Council  
  42  3:38  Probe (Chrono Boost)  
  43  3:48  Probe (Chrono Boost)  
  44  4:01  Assimilator  
  44  4:14  Robotics Facility  
  44  4:16  Gateway  
  44  4:20  Probe x2 (Chrono Boost)  
  46  4:33  Probe x2 (Chrono Boost)  
  48  4:43  Probe (Chrono Boost)  
  48  4:44  Probe (Chrono Boost)  
  50  4:50  Pylon  
  51  4:54  Probe x2 (Chrono Boost)  
  51  4:55  Assimilator  
Spawning Tool Build Advisor. Get it on Overwolf

Analysis

What is this for?

Go to:

Details

  • Created by: frank2204
  • Published on: Jul 22, 2016
  • Modified on: Jul 22, 2016
  • Patch: Pre-3.8.0
Show
View Real Time Build Order
Export as new Build Order

Comments (2)

On Sept. 8, 2016, 12:05 a.m., ELRinley  said:

Can we have a version with realistic timestamps, please?

On Aug. 4, 2016, 11:41 p.m., DeathUnicornX  said:

The build expands too late, if they hold you are already so far behind in economy and tech.

Create an account to comment!